 Dungeon Crawl Stone Soup version 0.24-a0-528-g98e85ec62a (webtiles) character file.

Game seed: 9642370006300084221

184 Mithandil the Ruffian (level 5, -1/53 HPs)
             Began as a Troll Monk on Aug 6, 2019.
             Slain by an ogre
             ... wielding a +0 giant spiked club
              (25 damage)
             ... on level 4 of the Dungeon.
             The game lasted 00:12:41 (1915 turns).

Mithandil the Ruffian (Troll Monk)                  Turns: 1915, Time: 00:12:41

Health: -1/53      AC:  9    Str: 19    XL:     5   Next: 36%
Magic:  4/4        EV: 11    Int:  6    God:
Gold:   119        SH:  3    Dex: 13    Spells: 4/4 levels left

rFire    . . .     SeeInvis .     - Unarmed
rCold    . . .     Gourm    +   (no shield)
rNeg     + . .     Faith    .   s - +2 robe {rN+}
rPois    .         Spirit   .   (helmet restricted)
rElec    .         Reflect  +   j - +0 cloak
rCorr    .         Harm     .   (gloves unavailable)
MR       .....                  (boots unavailable)
Stlth    ++........             f - +3 amulet of reflection
HPRegen  0.57/turn              (no ring)
MPRegen  0.09/turn              (no ring)

@: no status effects
A: large, unfitting armour, claws 3, fast metabolism 3, gourmand, regeneration
1, shaggy fur 1, tough skin 3
a: no special abilities


You were on level 4 of the Dungeon.
You were completely stuffed.

You visited 1 branch of the dungeon, and saw 4 of its levels.

You collected 119 gold pieces.

Inventory:

Hand Weapons
 b - a +1 dagger of speed
 x - a +0 quarterstaff
Missiles
 e - 102 stones (quivered)
Armour
 j - a +0 cloak (worn)
 s - a +2 robe of positive energy (worn)
Jewellery
 f - a +3 amulet of reflection (around neck)
Wands
 r - a wand of polymorph (6)
Scrolls
 d - a scroll of noise {unknown}
 g - a scroll of magic mapping {unknown}
 h - 2 scrolls of identify {unknown}
 o - 2 scrolls of remove curse {unknown}
 q - a scroll of enchant armour {unknown}
 u - a scroll of random uselessness {unknown}
 w - a scroll of teleportation {unknown}
Potions
 a - a potion of berserk rage {unknown}
 c - a potion of mutation {unknown}
 k - 3 potions of heal wounds {unknown}
 m - a potion of brilliance {unknown}
 n - a potion of might {unknown}
 p - a potion of lignification {unknown}
 t - 2 potions of agility {unknown}
 v - a potion of curing {unknown}
Comestibles
 i - 11 rations
 l - 3 chunks of flesh


   Skills:
 + Level 3.1 Fighting
 + Level 1.8 Throwing
 + Level 3.1 Dodging
 + Level 1.7 Stealth
 + Level 3.8 Unarmed Combat


You had 4 spell levels left.
You didn't know any spells.
Your spell library was empty.

Dungeon Overview and Level Annotations

Branches:
Dungeon (4/15)
 Temple: D:4-7

Altars:
Cheibriados
Hepliaklqana
Trog
The Shining One


Innate Abilities, Weirdness & Mutations

You are too large for most types of armour.
You have claws for hands.
Your metabolism is lightning-fast.
You like to eat raw meat.
Your natural rate of healing is unusually fast.
You are covered in fur. (AC +1)
You have extremely tough skin. (AC +3)


Message History

A worker ant comes into view.
The ogre closely misses you.
You scratch the ogre.
The ogre is moderately wounded.
You completely miss the ogre.
The ogre is moderately wounded.
The ogre hits you with a +0 giant spiked club!
You claw the ogre!
The ogre is severely wounded.
The ogre hits you with a +0 giant spiked club!!
You barely miss the worker ant. The worker ant closely misses you.
You scratch the worker ant.
The worker ant is moderately wounded.
The worker ant misses you.
The ogre hits you with a +0 giant spiked club.
The worker ant bites you but does no damage.
You claw the worker ant!
You kill the worker ant!
The ogre hits you with a +0 giant spiked club!!
You die...

..#..#...#..#......#..# .##.#
......<....................
.....)..##.........#..#..##
###.......................###
..................#.<.......
.....##.##.........#..#.#.###
..a.. .................#
..... .........<..#.... ...#.
.##.....)@........
#..#..##O.#.....% . #..
#..######## ... ...# #_##
..#. .### .... .. ...# .. ..


You could see an ogre.

Vanquished Creatures
  Jessica (D:2)
  A worker ant (D:4)
  A worker ant zombie (D:3)
  5 adders
  An adder skeleton (D:2)
  2 worms
  A dart slug (D:1)
  2 leopard geckos
  2 orcs
  5 giant cockroaches
  5 goblins
  10 hobgoblins
  4 quokkas
  7 bats
  2 frilled lizards (D:3)
  10 kobolds
  4 rats
63 creatures vanquished.

Notes
Turn   | Place    | Note
-------+----------+-------------------------------------------
     0 | D:1      | Mithandil the Troll Monk began the quest for the Orb.
     0 | D:1      | Reached XP level 1. HP: 22/22 MP: 0/0
   222 | D:2      | Reached XP level 2. HP: 25/29 MP: 1/1
   437 | D:1      | Found a glowing golden altar of the Shining One.
   485 | D:2      | Reached XP level 3. HP: 36/36 MP: 2/2
   493 | D:2      | Reached skill level 1 in Throwing
  1042 | D:2      | Reached XP level 4. HP: 31/44 MP: 3/3
  1124 | D:2      | Noticed Jessica
  1127 | D:2      | Killed Jessica
  1301 | D:2      | Found a bloodstained altar of Trog.
  1355 | D:3      | Found a snail-covered altar of Cheibriados.
  1404 | D:4      | Found a hazy altar of Hepliaklqana.
  1404 | D:4      | Noticed an ogre
  1682 | D:3      | Reached XP level 5. HP: 53/53 MP: 4/4
  1915 | D:4      | Slain by an ogre

Levels and vault maps discovered:
D:1:      lightli_arrival_lavapool, layout_loops_ring, tso_altar
D:2:      layout_basic, lemuel_doored_altar, uniq_jessica
D:3:      layout_rooms, old_standard_altar, first_ration, st_stairs_9
D:4:      layout_basic, nicolae_overflow_hidden_temple, fedhas_altar_1,
          grunt_temple_overflow_diamond, kennysheep_windowed_goal

Skill      XL: |  1  2  3  4 |
---------------+-------------+-----
Throwing       | 1 |  1.8
Fighting       | 3 |  3.1
Dodging        | 3 |  3.1
Stealth        | |  1.7
Unarmed Combat | |  3.8

Action                   |  1- 3 |  4- 6 || total
-------------------------+-------+-------++-------
Melee: Unarmed           |    83 |    87 ||   170
       Punch             |     1 |       ||     1
 Stab: Sleeping          |     3 |     4 ||     7
  Eat: Chunk             |    15 |     8 ||    23
Armor: Robe              |    24 |    34 ||    58
Dodge: Dodged            |    42 |    41 ||    83
Block: Other             |    11 |     4 ||    15
       Reflection        |     1 |       ||     1

Table legend:
 A = Non-vault XP
 B = Vault XP
 C = Vault XP percentage of total XP
 D = Non-vault monster count
 E = Vault monster count
 F = Vault count percentage of total count
                 A         B        C        D         E       F
            +---------+---------+-------+---------+---------+-------
      Total |     223 |      41 |  15.5 |      60 |       3 |   4.8
            +---------+---------+-------+---------+---------+-------
        D:1 |      19 |       0 |   0.0 |      10 |       0 |   0.0
        D:2 |      79 |      37 |  31.9 |      22 |       1 |   4.3
        D:3 |      85 |       4 |   4.5 |      26 |       2 |   7.1
        D:4 |      40 |       0 |   0.0 |       2 |       0 |   0.0
            +---------+---------+-------+---------+---------+-------
